 Dungeon Crawl Stone Soup version 0.29.1-12-g30fa7ad0bf (webtiles) character file.

Game seed: 8610042915832340937

183 hawla the Chiller (level 6, -7/45 HPs)
             Began as a Meteoran Ice Elementalist on Dec 25, 2022.
             Mangled by an ice beast (11 damage)
             ... on level 5 of the Dungeon.
             The game lasted 00:03:15 (340 turns).

hawla the Chiller (Meteoran Ice Elementalist)        Turns: 340, Time: 00:03:17

Health: -7/45      AC:  2    Str:  9    XL:     6   Next: 17%
Magic:  4/11       EV: 12    Int: 19    God:
Gold:   43         SH:  0    Dex: 15    Spells: 3/11 levels left

rFire   . . .      SeeInvis .   (no weapon)
rCold   . . .      Faith    .   (no shield)
rNeg    . . .      Spirit   .   a - +0 robe
rPois   .          Reflect  .   (no helmet)
rElec   .          Harm     .   (no cloak)
rCorr   .          Rampage  .   (no gloves)
Will    .....                   (no boots)
Stlth   +.........              (no amulet)
HPRegen 0.15/turn               (no ring)
MPRegen 0.12/turn               (no ring)

@: brilliant, attractive, very slightly contaminated, glowing
A: sense surroundings 1, otherworldly, glowing, explore regen
a: no special abilities


You were on level 5 of the Dungeon.
You visited 1 branch of the dungeon, and saw 5 of its levels.

You collected 43 gold pieces.

Inventory:

Armour
 a - a +0 robe (worn)
Jewellery
 e - an amulet of regeneration
Wands
 c - a wand of digging (3)
Potions
 b - a potion of magic


   Skills:
 - Level 2.6 Dodging
 - Level 1.4 Stealth
 - Level 3.1 Spellcasting
 + Level 4.5 Conjurations
 - Level 5.5 Ice Magic


You had 3 spell levels left.
You knew the following spells:

 Your Spells              Type           Power      Damage    Failure   Level
a - Freeze                Ice            100%       1d11      1%          1
b - Frozen Ramparts       Ice            72%        1d11      4%          3
c - Hailstorm             Conj/Ice       33%        3d8       19%         4

Your spell library contained the following spells:

 Spells                   Type           Power      Damage    Failure   Level
 Ozocubu's Armour         Ice            36%        N/A       4%          3
 Necrotise                Necr           16%        1d4       16%         1
 Sublimation of Blood     Necr           4%         N/A       22%         2
 Wereblood                Tmut           4%         N/A       22%         2
 Vampiric Draining        Necr           4%         2d6       41%         3
 Agony                    Necr           4%         N/A       99%         5
 Summon Hydra             Summ           2%         N/A       100%        7


Dungeon Overview and Level Annotations

Branches:
Dungeon (5/15) Zot: 2659
 Temple: D:4-7

Altars:


Innate Abilities, Weirdness & Mutations

You passively map a small area around you.
You are easily found by Zot.
You glow in the dark.
You regain HP and MP as you explore.


Message History

The wall freezes the centaur.
The centaur closely misses you. The centaur kicks you.
The wall freezes the centaur.
The centaur hits you. The centaur barely misses you.
An ice beast comes into view.
Casting: Freeze (safe; 1% risk of failure)
Confirm with . or Enter, or press ? or * to list all spells.
Aiming: Freeze (safe; 1% risk of failure)
Press: ? - help, Shift-Dir - straight line, f/p - centaur
Aim: a centaur (almost dead)
You freeze the centaur.
You kill the centaur!
Your Conjurations skill increases to level 4!
You have reached level 6!
You feel agile.
Casting: Freeze (safe; 1% risk of failure)
Confirm with . or Enter, or press ? or * to list all spells.
The spell is quite dangerous to miscast (19% risk of failure)!
Continue anyway?
Casting: Hailstorm (quite dangerous; 19% risk of failure)
Press: ? - help, Dir - look around, f - activate You miscast Hailstorm.
You are very lightly contaminated with residual magic.
A chill runs through your body!
Unknown command.
The frozen ramparts melt away as you move.
The ice beast attacks as you move away! The ice beast hits you.
* * * LOW HITPOINT WARNING * * *
The ice beast freezes you.
* * * LOW HITPOINT WARNING * * *
There is a stone staircase leading down here.
You aren't carrying any scrolls.
It was a potion of attraction.
You feel attractive to monsters.
The ice beast hits you but does no damage.
It was a potion of brilliance.
You feel clever all of a sudden.
A shadow imp comes into view.
The ice beast hits you.
* * * LOW HITPOINT WARNING * * *
The ice beast freezes you!
You die...

. , ... # , ..,
,... .# ,
#.###.###. * ,
........ , * ,
.....# * , * *
##)#.# , , #
#....# * ,
#####.###....####,
, ,
.......@Y.....<.+
,, ,
....#.###....####
, , # ..,.......#
*, , #., ###.#5##
* , # , #.#.# *
..#.# , #.##.# . *
* *


You could see an ice beast and a shadow imp (wandering).

Vanquished Creatures
  A centaur (D:5)
  A jelly (D:4)
  A hound (D:3)
  Ijyb (D:3)
  A worm (D:2)
  A dart slug (D:2)
  A bat (D:2)
  2 endoplasms (D:2)
  A giant cockroach (D:2)
  3 goblins (D:2)
  A hobgoblin (D:2)
  2 quokkas (D:2)
  A ball python (D:4)
  A rat (D:2)
18 creatures vanquished.

Notes
Turn   | Place    | Note
-------+----------+-------------------------------------------
     0 | D:1      | hawla the Meteoran Ice Elementalist began the quest for the
                  | Orb.
     0 | D:1      | Reached XP level 1. HP: 14/14 MP: 5/5
   129 | D:2      | Reached XP level 2. HP: 20/20 MP: 0/6
   147 | D:3      | Noticed a hound
   148 | D:3      | Noticed Ijyb
   151 | D:3      | Killed a hound
   152 | D:3      | Reached skill level 5 in Ice Magic
   152 | D:3      | Reached XP level 3. HP: 26/26 MP: 1/8
   208 | D:2      | Learned a level 3 spell: Frozen Ramparts
   212 | D:2      | Reached XP level 4. HP: 21/33 MP: 4/9
   253 | D:3      | Learned a level 4 spell: Hailstorm
   266 | D:3      | Killed Ijyb
   320 | D:4      | Reached XP level 5. HP: 27/38 MP: 4/10
   327 | D:5      | Entered Level 5 of the Dungeon
   327 | D:5      | Noticed a centaur
   332 | D:5      | Noticed an ice beast
   333 | D:5      | Killed a centaur
   334 | D:5      | Reached XP level 6. HP: 26/45 MP: 5/11
   340 | D:5      | Mangled by an ice beast

Illustrated notes

Levels and vault maps discovered:
D:1:      elethiomel_arrival_maze, layout_loops_ring
D:2:      layout_basic, basic_altar, uniq_robin
D:3:      layout_basic, serial_curves, eino_curves_02, eino_curves_03,
          eino_curves_01, eino_curves_02, basic_ecumenical_altar,
          chequers_serial_rivers_micro_a, uniq_natasha, uniq_grinder, uniq_ijyb
D:4:      layout_gridville, grunt_temple_overflow_open,
          minmay_temple_entry_sparse_star, portal_sewer_entry_e
D:5:      layout_loops_corners, gammafunk_ghost_mausoleum, minmay_manual_mess

Skill      XL: |  1  2  3  4  5 |
---------------+----------------+-----
Spellcasting   | 3 |  3.1
Ice Magic      | 5 |  5.5
Conjurations   | 3 4 |  4.5
Dodging        | |  2.6
Stealth        | |  1.4

Action                   |  1- 3 |  4- 6 || total
-------------------------+-------+-------++-------
 Cast: Freeze            |    16 |    12 ||    28
       Frozen Ramparts   |       |     5 ||     5
  Use: Potion            |       |     3 ||     3
Armor: Robe              |     2 |     3 ||     5
Dodge: Dodged            |     6 |     6 ||    12
